 Dungeon Crawl Stone Soup version 0.24.1-11-gbbbb2193e6 (webtiles) character file.

Game seed: 8775329012324205090, levelgen mode: deterministic

4512 Gabide the Carver (level 10, -4/74 HPs)
             Began as a Human Gladiator on May 15, 2020.
             Was a Plaything of Xom.
             Slain by lllmatko's ghost (12 damage)
             ... on level 8 of the Dungeon.
             The game lasted 00:30:05 (7832 turns).

Gabide the Carver (Human Gladiator)                 Turns: 7832, Time: 00:30:06

Health: -4/74      AC: 14    Str: 25    XL:     10   Next: 65%
Magic:  19/19      EV: 13    Int:  9    God:    Xom [...*..]
Gold:   358        SH:  0    Dex: 19    Spells: 9/9 levels left

rFire    + + +     SeeInvis .   z - +2 triple sword (holy)
rCold    x . .     Gourm    .   (shield currently unavailable)
rNeg     . . .     Faith    .   u - +0 fire dragon scales
rPois    .         Spirit   .   c - +1 helmet
rElec    +         Reflect  .   C - +0 cloak "Yqekhlav" {rElec rF+ MP+9}
rCorr    .         Harm     .   (no gloves)
MR       .....                  k - +0 pair of boots
Stlth    ..........             (no amulet)
HPRegen  0.22/turn              i - +4 ring of strength
MPRegen  0.16/turn              t - +3 ring of dexterity

@: mighty, berserk cooldown, very slightly contaminated, hasted and slowed,
lightly drained
A: no striking features
a: Renounce Religion


You were on level 8 of the Dungeon.
You worshipped Xom.
You were a favourite toy of Xom.
You were not hungry.

You visited 2 branches of the dungeon, and saw 9 of its levels.
You also visited: Sewer.

You collected 559 gold pieces.
You spent 201 gold pieces at shops.

Inventory:

Hand Weapons
 a - a +1 long sword
 z - a +2 triple sword of holy wrath (weapon)
Missiles
 h - 2 boomerangs (quivered)
Armour
 b - a +0 leather armour
 c - a +1 helmet (worn)
 e - a +0 cloak
 k - a +0 pair of boots (worn)
 u - +0 fire dragon scales (worn)
 C - the +0 cloak "Yqekhlav" (worn) {rElec rF+ MP+9}
   (You acquired it on level 8 of the Dungeon)

   It protects you from fire.
   It insulates you from electricity.
   It affects your magic capacity (+9).
Jewellery
 d - an uncursed ring of flight
 i - a +4 ring of strength (left hand)
 t - a +3 ring of dexterity (right hand)
Wands
 v - a wand of enslavement (9)
 w - a wand of paralysis (5)
 y - a wand of acid (1)
Scrolls
 l - a scroll of amnesia
 o - 2 scrolls of remove curse
 q - 3 scrolls of teleportation
 D - a scroll of fear {unknown}
Potions
 g - a potion of flight
 n - 4 potions of brilliance
Comestibles
 f - 17 rations


   Skills:
 + Level 5.1(4.6) Fighting
 * Level 11.4(10.8) Long Blades
 + Level 3.5(3.0) Throwing
 + Level 6.5(5.9) Armour
 + Level 5.3(4.7) Dodging
 - Level 0.3(0.0) Stealth
 - Level 0.1(0.0) Evocations


You had 9 spell levels left.
You didn't know any spells.
Your spell library was empty.

Dungeon Overview and Level Annotations

Branches:
Dungeon (8/15)             Temple (1/1) D:6            Lair (0/6) D:8
  Sewer (visited)

Altars:
Dithmenos
Elyvilon
Hepliaklqana
Kikubaaqudgha
Makhleb
Nemelex Xobeh
Okawaru
Trog
Uskayaw
Vehumet
Wu Jian
Xom
Yredelemnul

Shops:
D:4 ?(   D:6 [

Annotations:
D:8 lllmatko's ghost, novice MiBe


Message History

Press: ? - help, Shift-Dir - straight line, f/p - lllmatko's ghost
Aim: lllmatko's ghost (almost destroyed, slow)
You throw a javelin.
The javelin pierces through lllmatko's ghost but does no damage.
Lllmatko's ghost is almost destroyed.
Lllmatko's ghost is no longer moving slowly. "Serve the toy, my child!"
Lllmatko's ghost hits your crimson imp!!
Your crimson imp dies!
Throwing (i - inventory. (/) - cycle)
B - a javelin (quivered)
Press: ? - help, Shift-Dir - straight line, f/p - lllmatko's ghost
Aim: lllmatko's ghost (almost destroyed)
You throw a javelin.
The javelin pierces through lllmatko's ghost.
Lllmatko's ghost is almost destroyed.
You closely miss lllmatko's ghost.
Lllmatko's ghost is almost destroyed.
Your extra speed is starting to run out.
Lllmatko's ghost hits you!
You die...

. ... ...#######
#####.............#
....#.............#
....#.............#
....#...........@.#
....#...........W.#
....#.............#
....#.............#
#)................#
#..#########......#
....# ###....#
....# #....# ....#
#ยงยงยง#....#


You could see lllmatko's ghost.

Vanquished Creatures
  A two-headed ogre (D:8)
  The ghost of brob1 the Ruffian, an amateur DrTm (D:3)
  A hornet (D:8)
  2 hippogriffs
  A spriggan (D:7)
  A wyvern (D:7)
  A basilisk (D:8)
  2 orc warriors
  Purgy (Sewer)
  2 sky beasts (D:5)
  An ogre (D:8)
  3 centaurs
  A crocodile (D:8)
  Blork the orc (D:5)
  4 wights (D:8)
  6 killer bees (D:7)
  3 bullfrog zombies
  3 centaur zombies
  A crimson imp (D:5)
  2 hounds
  3 orc priests
  Crazy Yiuf (D:2)
  2 bullfrog skeletons
  A centaur skeleton (D:6)
  5 jellies
  6 orc wizards
  3 iguanas
  Natasha (thrice) (D:2)
  5 worker ants
  12 adders
  A river rat (D:5)
  2 shadow imps
  4 worms
  A dart slug (D:1)
  6 leopard geckos
  25 orcs
  6 giant cockroaches
  11 goblins
  8 hobgoblins
  3 jackals (D:3)
  2 quokkas
  2 ball pythons
  9 bats
  3 frilled lizards
  6 kobolds
  A leopard gecko skeleton (D:8)
  2 quokka zombies
  7 rats
178 creatures vanquished.

Vanquished Creatures (others)
  A rat (D:1)
1 creature vanquished.

Grand Total: 179 creatures vanquished

Notes
Turn   | Place    | Note
-------+----------+-------------------------------------------
     0 | D:1      | Gabide the Human Gladiator began the quest for the Orb.
     0 | D:1      | Reached XP level 1. HP: 16/16 MP: 1/1
    63 | D:1      | Reached XP level 2. HP: 4/22 MP: 2/2
   440 | D:1      | Reached XP level 3. HP: 21/27 MP: 3/3
  1043 | D:2      | Reached XP level 4. HP: 33/33 MP: 4/4
  1085 | D:2      | Found a runed translucent door.
  1086 | D:2      | Noticed Crazy Yiuf
  1103 | D:2      | Reached skill level 4 in Long Blades
  1467 | D:2      | Noticed Natasha
  1474 | D:2      | Killed Natasha
  1604 | D:2      | Noticed Natasha
  1616 | D:2      | Killed Natasha
  1616 | D:2      | Reached XP level 5. HP: 19/39 MP: 5/5
  1814 | D:2      | Killed Crazy Yiuf
  1814 | D:2      | Reached skill level 5 in Long Blades
  1888 | D:2      | Noticed Natasha
  1897 | D:2      | Killed Natasha
  2221 | D:3      | Found a faded altar of an unknown god.
  2227 | D:3      | Reached XP level 6. HP: 46/46 MP: 6/6
  2556 | D:3      | Reached skill level 6 in Long Blades
  2556 | D:3      | Reached skill level 1 in Armour
  2841 | D:3      | Found a runed translucent gate.
  2842 | D:3      | Found a runed translucent gate.
  2843 | D:3      | Found a runed translucent gate.
  2844 | D:3      | Noticed brob1's ghost (amateur DrTm)
  3034 | D:3      | Killed brob1's ghost
  3034 | D:3      | Reached XP level 7. HP: 52/52 MP: 7/7
  3147 | D:4      | Found Licamedu's Antique Weapon Shoppe.
  3622 | D:4      | Found Yregigiu's Magic Scroll Boutique.
  3631 | D:4      | Bought 3 scrolls of identify for 78 gold pieces
  3631 | D:4      | Bought a scroll of blinking for 97 gold pieces
  3631 | D:4      | Bought a scroll of identify for 26 gold pieces
  3854 | D:4      | Reached XP level 8. HP: 35/58 MP: 8/8
  4089 | D:5      | Entered Level 5 of the Dungeon
  4237 | D:5      | Reached skill level 7 in Long Blades
  4304 | D:5      | Found a glowing drain.
  4398 | Sewer    | Entered a sewer
  4424 | Sewer    | Noticed Purgy
  4448 | Sewer    | Killed Purgy
  4914 | D:5      | Reached skill level 8 in Long Blades
  4929 | D:5      | Noticed Blork the orc
  4938 | D:5      | Killed Blork the orc
  5092 | D:6      | Reached XP level 9. HP: 65/65 MP: 9/9
  5203 | D:6      | Found Tejac's Armour Emporium.
  5286 | D:6      | Found a staircase to the Ecumenical Temple.
  5323 | Temple   | Entered the Ecumenical Temple
  5372 | Temple   | Became a worshipper of Xom of Malicious Giggling
  5408 | D:6      | Reached skill level 9 in Long Blades
  5427 | D:6      | XOM: harmless Hex miscast
  5553 | D:6      | XOM: divination: magic mapping
  5886 | D:7      | XOM: harmless Fire miscast
  5943 | D:7      | Found a white marble altar of Elyvilon.
  5964 | D:7      | Found a shadowy altar of Dithmenos.
  5976 | D:7      | XOM: 5-stop teleportation journey
  6043 | D:7      | HP: 2/65 [orc warrior/+0 halberd (13)]
  6349 | D:7      | XOM: mild Summ miscast
  6356 | D:7      | XOM: confuse monster(s)
  6358 | D:7      | XOM: divination: detect creatures
  6366 | D:7      | XOM: silly message
  6453 | D:7      | Noticed a hippogriff
  6463 | D:7      | Killed a hippogriff
  6463 | D:7      | Reached skill level 5 in Armour
  7206 | D:8      | Noticed a hippogriff
  7207 | D:8      | Found a staircase to the Lair.
  7207 | D:8      | Noticed a death yak
  7222 | D:7      | Reached skill level 10 in Long Blades
  7222 | D:7      | Reached skill level 5 in Dodging
  7222 | D:7      | Reached XP level 10. HP: 53/73 MP: 10/10
  7414 | D:8      | Identified 2 scrolls of acquirement
  7418 | D:8      | Got a slimy cloak
  7429 | D:8      | Identified the +0 cloak "Yqekhlav" {rElec rF+ MP+9} (You
                  | acquired it on level 8 of the Dungeon)
  7523 | D:8      | Noticed a two-headed ogre
  7529 | D:8      | Killed a two-headed ogre
  7529 | D:8      | Reached skill level 5 in Fighting
  7529 | D:8      | Reached skill level 11 in Long Blades
  7544 | D:8      | Noticed a two-headed ogre
  7553 | D:8      | XOM: fake destruction
  7557 | D:8      | Paralysed by a hornet for 3 turns
  7788 | D:8      | Found a runed translucent door.
  7788 | D:8      | Noticed lllmatko's ghost (novice MiBe)
  7789 | D:8      | XOM: medium Pois miscast
  7820 | D:8      | XOM: enchant monster (good)
  7829 | D:8      | XOM: summons friendly crimson imp
  7832 | D:8      | Slain by lllmatko's ghost

Levels and vault maps discovered:
D:1:      lightli_arrival_maybe_door_vault, layout_basic, minmay_circled_x
D:2:      layout_rooms, uniq_natasha, uniq_crazy_yiuf_cottage
D:3:      layout_rooms, chequers_ecumenical_altar_simple_redux,
          gammafunk_ghost_necromancy, serial_bayou_pond_b, minivault_25
D:4:      layout_layer_cave, serial_shops, nicolae_shop_overgrown_old_shop,
          nicolae_shop_stone
D:5:      layout_basic, first_ration, cheibrodos_sewer_entry_sluice,
          st_stairs_14, uniq_blork_the_orc
D:6:      layout_loops_ring, minmay_temple_entry_mini_moons, serial_shops,
          kennysheep_mini_moat
D:7:      layout_basic, minitemple, the_bakery, item_on_display_a
D:8:      layout_gridville, david_lair_generic, ebering_ghost_inner_flame,
          minivault_4, grunt_ministairs_10
Temple:   regret_index_temple_chain_breaker

Skill      XL: |  1  2  3  4  5  6  7  8  9 10 |
---------------+-------------------------------+-----
Long Blades    | 4 5 6 8 10 11 | 11.4
Armour         | 2 3 4 5 6 |  6.5
Fighting       | 3 4 5 |  5.1
Throwing       | 3 |  3.5
Dodging        | 5 |  5.3
Stealth        | |  0.3
Evocations     | |  0.1

Action                   |  1- 3 |  4- 6 |  7- 9 | 10-12 || total
-------------------------+-------+-------+-------+-------++-------
Melee: Long sword        |    72 |   151 |   371 |    19 ||   613
       Triple sword      |       |       |       |    36 ||    36
Throw: Throwing net      |     3 |     3 |     4 |       ||    10
       Javelin           |       |    26 |    12 |     8 ||    46
       Boomerang         |       |       |     2 |       ||     2
Evoke: Wand              |       |       |       |     3 ||     3
  Use: Scroll            |     9 |     2 |     8 |     6 ||    25
       Potion            |       |     2 |     1 |     6 ||     9
 Stab: Held in net/web   |     3 |     1 |     4 |       ||     8
       Sleeping          |     2 |     1 |       |       ||     3
  Eat: Chunk             |     1 |     3 |    10 |       ||    14
       Ration            |       |     1 |     1 |     1 ||     3
Armor: Leather armour    |    19 |    33 |       |       ||    52
       Skin              |       |     1 |       |       ||     1
       Chain mail        |       |    17 |       |       ||    17
       Fire dragon scale |       |     8 |   183 |    31 ||   222
Dodge: Dodged            |    69 |    96 |   240 |    53 ||   458
       Rpst.: Long sword |    21 |    37 |    80 |     8 ||   146
       Triple sword      |       |       |       |     7 ||     7
